 Dungeon Crawl Stone Soup version 0.31-a0-187-gba352fbbf7 (webtiles) character file.

Game seed: 10401091371275692751

352 qw the Skirmisher (level 6, -1/34 HPs)
             Began as a Deep Elf Hunter on June 22, 2023.
             Killed from afar by Grinder (6 damage)
             ... with a puff of flame
             ... on level 3 of the Dungeon.
             The game lasted 00:00:57 (1849 turns).

qw the Skirmisher (Deep Elf Hunter)                 Turns: 1849, Time: 00:00:57

Health: -1/34      AC:  7    Str: 10    XL:     6   Next: 35%
Magic:  8/8        EV:  9    Int: 14    God:
Gold:   94         SH:  0    Dex: 18    Spells: 5/5 levels left

rFire   . . .        Y - +0 shortbow
rCold   . . .        (shield currently unavailable)
rNeg    . . .        h - +0 scale mail
rPois   .            (no helmet)
rElec   .            (no cloak)
rCorr   .            d - +0 pair of gloves
SInv    .            (no boots)
Will    .....        (no amulet)
Stlth   +            (no ring)
HPRegen 0.25/turn    (no ring)
MPRegen 0.11/turn

%: no passive effects
@: about to teleport
A: no striking features
a: no special abilities


You were on level 3 of the Dungeon.
You visited 1 branch of the dungeon, and saw 3 of its levels.

You collected 94 gold pieces.


   Skills:
 - Level 1.5 Fighting
 - Level 10.0 Ranged Weapons
 + Level 0.5 Armour
 - Level 2.4 Dodging
 - Level 1.2 Stealth


You had 5 spell levels left.
You didn't know any spells.
Your spell library was empty.

Inventory:

Hand Weapons
 Y - a +0 shortbow (weapon)
Armour
 d - a +0 pair of gloves (worn)
 g - a +0 ring mail
 h - a +0 scale mail (worn)
Scrolls
 a - 2 scrolls of identify
 b - a scroll of fear {unknown}
 i - a scroll of revelation {unknown}
Potions
 e - a potion of brilliance {unknown}
 f - a potion of magic {unknown}

Dungeon Overview and Level Annotations

Branches:
Dungeon (3/15)

Altars:

Annotations:
D:3 Grinder


Message History

You kill the goblin!
You start resting.
Grinder is nearby!
You shoot an arrow. The arrow hits Grinder!
Grinder is lightly wounded.
Grinder says, "Make like a tree!"
Grinder zaps a wand.
The puff of flame hits you!
You shoot an arrow. The arrow barely misses Grinder.
Grinder says, "My boss said I was rubbish.
His entrails said otherwise."
You shoot an arrow.
The arrow hits Grinder but does no damage.
Grinder is lightly wounded.
Grinder hits you.
You writhe in agony.
You shoot an arrow. The arrow hits Grinder.
Grinder is moderately wounded.
Grinder closely misses you.
You shoot an arrow. The arrow hits Grinder.
Grinder is heavily wounded.
Grinder hits you but does no damage. Grinder gestures at you.
You resist with some effort.
You shoot an arrow. The arrow barely misses Grinder.
Grinder gestures at you. Pain shoots through your body!
You shoot an arrow. The arrow completely misses Grinder.
Grinder zaps a wand.
The puff of flame hits you.
1846 ||| READING scroll of teleportation.
As you read the scroll of teleportation, it crumbles to dust.
You feel strangely unstable. Grinder hits you but does no damage.
You shoot an arrow. The arrow barely misses Grinder.
Grinder hits you but does no damage.
You shoot an arrow.
The arrow hits Grinder but does no damage.
Grinder is heavily wounded.
Grinder blinks!
You shoot an arrow. The arrow hits Grinder!
Grinder is severely wounded.
Grinder zaps a wand.
The puff of flame hits you.
You die...

...'.P..# .
...#..... ##.
...5....# #..
...)....# #.#
........# ##.#
........# #..#
###.. .....)ยค)##
#.)#.....#
#@.###.....#
##..##.######
########[........#
........########.#
## #######.# #.##
#. #.# ##..####.
#.# #........ #.#
#........ #.#
#........


You could see Grinder.

Vanquished Creatures
  Sigmund (D:3)
  Ijyb (D:3)
  2 orc wizards (D:3)
  4 adders
  2 adder skeletons (D:3)
  A worm (D:2)
  A dart slug (D:2)
  5 orcs (D:3)
  4 ball pythons
  4 bats
  6 endoplasms
  3 giant cockroaches
  7 goblins
  8 hobgoblins
  8 jackals
  5 kobolds
  3 quokkas
  2 frilled lizards
  A quokka skeleton (D:3)
  5 rats
73 creatures vanquished.

Notes
Turn   | Place    | Note
-------+----------+-------------------------------------------
     0 | D:1      | qw the Deep Elf Hunter began the quest for the Orb.
     0 | D:1      | Reached XP level 1. HP: 12/12 MP: 3/3
     0 | D:1      | 0 ||| qw: Version: 0.3-a-9-g12657ce
     0 | D:1      | 0 ||| qw: Game counter: 2620
     0 | D:1      | 0 ||| qw: Always use a shield: true
     0 | D:1      | 0 ||| qw: God list: Okawaru
     0 | D:1      | 0 ||| qw: Allow faded altars: false
     0 | D:1      | 0 ||| qw: Do Orc after D:15 true
     0 | D:1      | 0 ||| qw: Do second Lair branch before Depths: true
     0 | D:1      | 0 ||| qw: Lair rune preference: random
     0 | D:1      | 0 ||| qw: Plans: Normal
     0 | D:1      | 0 ||| PLANNING D:1-11
    75 | D:1      | Reached XP level 2. HP: 16/16 MP: 4/4
    84 | D:1      | Reached skill level 6 in Ranged Weapons
   459 | D:1      | 459 ||| UPGRADING to +0 pair of gloves.
   464 | D:1      | 464 ||| UPGRADING to +0 scale mail.
   474 | D:1      | 474 ||| DROPPING +0 leather armour.
   475 | D:1      | 475 ||| READING 2 scrolls labelled BELUVO KU TEDAE.
   476 | D:1      | 476 ||| READING scroll labelled WOUW VITETOMUL.
   480 | D:1      | 480 ||| READING scroll labelled ASUEMA RADWIUNA.
   581 | D:1      | 581 ||| DROPPING scroll of butterflies.
   649 | D:2      | Reached XP level 3. HP: 20/20 MP: 5/5
   876 | D:2      | Reached skill level 7 in Ranged Weapons
  1021 | D:2      | Found a faded altar of an unknown god.
  1316 | D:2      | Reached XP level 4. HP: 25/25 MP: 6/6
  1343 | D:2      | 1343 ||| READING 2 scrolls labelled ZEPNUMUUHAC.
  1344 | D:2      | 1344 ||| DROPPING scroll of noise.
  1380 | D:3      | 1380 ||| Stepping ~*~*~tactically~*~*~ (outnumbered).
  1382 | D:3      | 1382 ||| Stepping ~*~*~tactically~*~*~ (outnumbered).
  1406 | D:3      | Reached skill level 8 in Ranged Weapons
  1469 | D:3      | Reached XP level 5. HP: 26/29 MP: 7/7
  1482 | D:3      | Noticed Ijyb
  1501 | D:3      | Killed Ijyb
  1629 | D:3      | Noticed Sigmund
  1641 | D:3      | Killed Sigmund
  1642 | D:3      | Reached skill level 10 in Ranged Weapons
  1642 | D:3      | Reached XP level 6. HP: 20/34 MP: 8/8
  1819 | D:3      | Noticed Grinder
  1845 | D:3      | HP: 4/34 [Grinder/puff of flame (5)]
  1846 | D:3      | 1846 ||| READING scroll of teleportation.
  1849 | D:3      | Killed from afar by Grinder

Levels and vault maps discovered:
D:1:      dreamdust_arrival_sigmund_warning, layout_rooms,
          minmay_misc_feat_doors
D:2:      minmay_skewed_foursquare, layout_basic, basic_ecumenical_altar
D:3:      minmay_evil_eye, layout_basic, serial_undead, serial_undead_b,
          serial_undead_b, serial_undead_b, serial_undead_a,
          grunt_decor_one_mirror, minmay_liquid_box, uniq_ijyb, uniq_grinder,
          uniq_sigmund, uniq_crazy_yiuf_cottage

Skill      XL: |  1  2  3  4  5 |
---------------+----------------+-----
Ranged Weapons | 6 7 8 10 | 10.0
Fighting       | |  1.5
Armour         | |  0.5
Dodging        | |  2.4
Stealth        | |  1.2

Action                     |  1- 3 |  4- 6 || total
---------------------------+-------+-------++-------
   Fire: Shortbow          |   119 |   140 ||   259
    Use: Scroll            |     3 |     2 ||     5
 Armour: Scale mail        |    16 |    69 ||    85
         Leather armour    |     3 |       ||     3
  Dodge: Dodged            |    22 |    47 ||    69

Table legend:
 A = Non-vault XP
 B = Vault XP
 C = Vault XP percentage of total XP
 D = Non-vault monster count
 E = Vault monster count
 F = Vault count percentage of total count
                 A         B        C        D         E       F
            +---------+---------+-------+---------+---------+-------
      Total |     220 |     284 |  56.3 |      63 |      10 |  13.7
            +---------+---------+-------+---------+---------+-------
        D:1 |      33 |       0 |   0.0 |      20 |       0 |   0.0
        D:2 |      50 |      19 |  27.5 |      22 |       3 |  12.0
        D:3 |     137 |     265 |  65.9 |      21 |       7 |  25.0
            +---------+---------+-------+---------+---------+-------
